 Dungeon Crawl Stone Soup version 0.29.1-1-gd02db6906a (webtiles) character file.

Game seed: 7971914675943804909

2426 lonewolfV2 the Cleaver (level 9, -1/74 (78) HPs)
             Began as a Hill Orc Fighter on Oct 15, 2022.
             Was a Believer of Beogh.
             Succumbed to a wight's poison
             ... on level 7 of the Dungeon.
             The game lasted 00:11:48 (8547 turns).

lonewolfV2 the Cleaver (Hill Orc Fighter)           Turns: 8547, Time: 00:11:49

HP:   -1/74 (78)    AC:  8    Str: 21    XL:     9   Next: 48%
MP:   9/9           EV: 11    Int:  8    God:    Beogh [**....]
Gold: 333           SH:  5    Dex: 14    Spells: 8/8 levels left

rFire   + . .      SeeInvis .   u - +1 broad axe (flame)
rCold   + . .      Faith    .   c - +0 buckler
rNeg    + . .      Spirit   .   p - +2 ring mail "Ubluifel" {rC+ Str-2 Dex+4}
rPois   .          Reflect  .   (no helmet)
rElec   .          Harm     .   (no cloak)
rCorr   .          Rampage  .   (no gloves)
Will    .....                   (no boots)
Stlth   +.........              (no amulet)
HPRegen 0.22/turn               s - ring of positive energy
MPRegen 0.11/turn               r - ring of protection from fire

@: lethally poisoned (-1 -> -27), drained
A: no striking features
a: Renounce Religion, Smiting


You were on level 7 of the Dungeon.
You worshipped Beogh.
Beogh was pleased with you.
You visited 1 branch of the dungeon, and saw 8 of its levels.

You collected 333 gold pieces.

Inventory:

Hand Weapons
 h - a +1 broad axe of freezing
 l - a +3 quarterstaff of chaos
 u - a +1 broad axe of flaming (weapon)
Missiles
 y - 2 throwing nets (quivered)
Armour
 b - a +1 scale mail
 c - a +0 buckler (worn)
 i - the +3 scale mail of an ice cave {Harm rF+ Dex+2}
   (You found it on level 2 of the Dungeon)

   Dex:       It affects your dexterity (+2).
   rF:        It protects you from fire.
   Harm:      It increases damage dealt and taken.
 p - the +2 ring mail "Ubluifel" (worn) {rC+ Str-2 Dex+4}
   (You found it on level 6 of the Dungeon)

   Str:       It affects your strength (-2).
   Dex:       It affects your dexterity (+4).
   rC:        It protects you from cold.
Jewellery
 r - a ring of protection from fire (right hand)
 s - a ring of positive energy (left hand)
Wands
 k - a wand of flame (23)
Scrolls
 f - a scroll of enchant armour
 m - 2 scrolls of teleportation
 o - a scroll of enchant weapon
Potions
 a - 2 potions of attraction
 d - a potion of heal wounds
 e - 3 potions of magic
 g - 4 potions of curing
 j - a potion of degeneration {unknown}
 n - a potion of mutation
 q - 3 potions of flight
 t - a potion of lignification {unknown}
 v - a potion of might
 w - a potion of ambrosia {unknown}


   Skills:
 + Level 6.8 Fighting
 + Level 11.2 Axes
 + Level 7.0 Armour
 + Level 2.2 Dodging
 + Level 1.2 Stealth
 + Level 5.5 Shields


You had 8 spell levels left.
You didn't know any spells.
Your spell library contained the following spells:

 Spells                   Type           Power      Damage    Failure   Level
 Apportation              Tloc           0%         N/A       65%         1
 Slow                     Hex            0%         N/A       65%         1
 Confusing Touch          Hex            0%         N/A       95%         3
 Vampiric Draining        Necr           0%         2d6       95%         3
 Alistair's Intoxication  Tmut/Pois      0%         N/A       100%        5


Dungeon Overview and Level Annotations

Branches:
Dungeon (8/15)             Temple (0/1) D:7
   Lair: D:8-11

Altars:
Cheibriados
Dithmenos
Elyvilon
Trog
Xom

Shops:
D:6 [


Message History

You are more poisoned.
You hit the wight but do no damage.
You feel very sick.
The wight hits you with a +0 spear of venom.
You partially resist.
You feel drained.
You are more poisoned.
You barely miss the wight.
You feel very sick. The wight hits you but does no damage.
You are more poisoned.
You closely miss the wight.
You feel very sick. The wight hits you but does no damage.
You closely miss the wight.
You feel very sick.
The wight hits you with a +0 spear of venom.
* * * LOW HITPOINT WARNING * * *
You partially resist.
You feel drained.
You are lethally poisoned!
An orc comes into view. It is wielding a +0 trident.
The wight attacks as you move away! You block the wight's attack.
* * * LOW HITPOINT WARNING * * *
You feel extremely sick. The wight closely misses you.
* * * LOW HITPOINT WARNING * * *
You feel very sick.
You feel much better.
You feel very sick. The wight barely misses you.
You feel very sick.
You feel very sick.
You feel sick. The wight barely misses you.
A wight comes into view. It is wielding a +3 morningstar.
There is a stone staircase leading up here.
You feel sick.
The wight hits you from afar with a +0 spear of venom!
* * * LOW HITPOINT WARNING * * *
You are lethally poisoned!
You climb upwards.
You die...

#...#..##...........#..#........
#.....###...........#.##........
##..[####.............##........
##.## #.............####.......
##..# ####..........# #......#
#..## #######....# #....###
#..## ##...## ######
##..######### ##....## ##
###..##....###@.....# ###.
##..............##..## ####...
#....................# #......
##......>.............## #......
#....................).###......
#...................[)..#.......
##...................)#.#.......
#....................#.........
#...................###.#......


There were no monsters in sight!

Vanquished Creatures
  Maggie (D:6)
  A steam dragon (D:7)
  Edmund (D:5)
  Duvessa (D:5)
  A water moccasin (D:6)
  2 black bears (D:5)
  A centaur (D:6)
  2 ogres
  A phantom (D:7)
  3 bullfrogs (D:7)
  2 necrophages (D:5)
  3 scorpions
  Dowan (D:5)
  2 wights (D:8)
  A hound (D:7)
  An orc priest (D:4)
  A jelly (D:4)
  A gnoll bouda (D:7)
  Crazy Yiuf (D:2)
  5 iguanas
  6 gnolls
  7 adders
  A river rat (D:4)
  3 shadow imps
  3 white imps
  4 worms
  2 dart slugs
  9 orcs
  7 bats
  9 endoplasms
  6 giant cockroaches
  13 goblins
  6 hobgoblins
  12 jackals
  4 kobolds
  9 quokkas
  5 ball pythons
  7 frilled lizards
  5 rats (D:1)
150 creatures vanquished.

Vanquished Creatures (others)
  A gnoll (D:4)
  An orc (D:4)
  A giant cockroach (D:4)
  A goblin (D:4)
  A kobold (D:4)
  3 fungi (D:2)
  4 plants (D:2)
12 creatures vanquished.

Grand Total: 162 creatures vanquished

Notes
Turn   | Place    | Note
-------+----------+-------------------------------------------
     0 | D:1      | lonewolfV2 the Hill Orc Fighter began the quest for the
                  | Orb.
     0 | D:1      | Reached XP level 1. HP: 19/19 MP: 1/1
   169 | D:1      | Reached XP level 2. HP: 22/27 MP: 2/2
   319 | D:1      | Reached skill level 3 in Axes
   484 | D:1      | Reached XP level 3. HP: 32/33 MP: 3/3
  1322 | D:2      | Reached XP level 4. HP: 40/40 MP: 4/4
  1519 | D:2      | Identified the +3 scale mail of an ice cave {Harm rF+
                  | Dex+2}
  1580 | D:2      | Found a runed translucent door.
  1581 | D:2      | Noticed Crazy Yiuf
  1649 | D:2      | Reached skill level 4 in Axes
  1781 | D:2      | Found a faded altar of an unknown god.
  2092 | D:2      | Killed Crazy Yiuf
  2093 | D:2      | Reached XP level 5. HP: 46/46 MP: 5/5
  2556 | D:3      | Identified a scroll of acquirement
  2556 | D:3      | Acquired a +0 broad axe of freezing
  2877 | D:4      | Became a worshipper of Beogh the Brigand
  2891 | D:4      | Reached skill level 5 in Axes
  2891 | D:4      | Reached skill level 1 in Dodging
  3039 | D:4      | Reached XP level 6. HP: 52/52 MP: 6/6
  3077 | D:4      | HP: 2/52 [ogre/+0 giant club (31)]
  3079 | D:4      | Reached skill level 6 in Axes
  3474 | D:4      | Reached skill level 5 in Armour
  3547 | D:4      | Found a glowing drain.
  3820 | D:4      | Found a snail-covered altar of Cheibriados.
  3885 | D:4      | Found a bloodstained altar of Trog.
  4307 | D:5      | Entered Level 5 of the Dungeon
  4404 | D:5      | Reached skill level 7 in Axes
  4404 | D:5      | Reached XP level 7. HP: 54/60 MP: 7/7
  4509 | D:5      | Noticed Edmund
  4516 | D:5      | Killed Edmund
  4742 | D:5      | Noticed Dowan
  4742 | D:5      | Noticed Duvessa
  4752 | D:5      | Killed Duvessa
  4753 | D:5      | Reached skill level 5 in Fighting
  4753 | D:5      | Reached skill level 8 in Axes
  4753 | D:5      | Killed Dowan
  4754 | D:5      | Reached XP level 8. HP: 34/68 MP: 8/8
  5603 | D:5      | Reached * piety under Beogh
  5816 | D:6      | Reached skill level 9 in Axes
  5884 | D:6      | Found Qienuaf's Antique Armour Boutique.
  6311 | D:6      | Reached skill level 1 in Stealth
  6412 | D:6      | Identified the +2 ring mail "Ubluifel" {rC+ Str-2 Dex+4}
  6417 | D:6      | Found a shadowy altar of Dithmenos.
  6419 | D:6      | Found a white marble altar of Elyvilon.
  6501 | D:6      | Found a shimmering altar of Xom.
  6503 | D:6      | Noticed Maggie
  6524 | D:6      | Killed Maggie
  6525 | D:6      | Reached skill level 10 in Axes
  6525 | D:6      | Reached skill level 5 in Shields
  6525 | D:6      | Reached XP level 9. HP: 35/75 MP: 9/9
  7436 | D:7      | Found a staircase to the Ecumenical Temple.
  7562 | D:7      | Identified the +11 trident of Descent {protect, rElec rF-
                  | rC+ Dex+6}
  8087 | D:7      | Reached skill level 11 in Axes
  8208 | D:7      | Reached ** piety under Beogh
  8547 | D:7      | Succumbed to a wight's poison

Illustrated notes

Levels and vault maps discovered:
D:1:      onia_arrival_handbag, layout_basic, hex_large, minmay_close_crescents
D:2:      layout_rooms, basic_altar,
          dreamdust_ecumenical_altar_hidden_monk_grotto, serial_aquarium,
          aquarium_bridge_long_joined [aquarium_subvault_bridge,
          aquarium_subvault_window, aquarium_subvault_wall,
          aquarium_subvault_window, aquarium_subvault_wall,
          aquarium_subvault_bridge], aquarium_bridge_island_small
          [aquarium_subvault_small_water, aquarium_subvault_bridge,
          aquarium_subvault_wall, aquarium_subvault_bridge,
          aquarium_subvault_bridge], aquarium_window_1,
          aquarium_window_corridor_1, aquarium_window_fake, aquarium_view_2b,
          aquarium_pool_five, serial_shops, shop, uniq_jessica,
          uniq_crazy_yiuf_cottage
D:3:      layout_loops_cross, grunt_decor_cap
D:4:      layout_loops_cross, gammafunk_temple_overflow_wave,
          gup_sewer_entry_bubbles
D:5:      layout_cave_pods, uniq_duvessa, uniq_edmund
D:6:      layout_cave_pods, chequers_temple_overflow_statue_of_worship,
          serial_shops, shop, uniq_maggie
D:7:      layout_cave_pods, minmay_temple_entry_slanted, enter_bailey_5
D:8:      layout_rooms, hangedman_abyss_or_decor_passed

Skill      XL: |  1  2  3  4  5  6  7  8  9 |
---------------+----------------------------+-----
Axes           | 3 4 5 7 8 10 11 | 11.2
Armour         | 4 5 6 7 |  7.0
Fighting       | 4 5 6 |  6.8
Dodging        | 1 2 |  2.2
Shields        | 4 5 |  5.5
Stealth        | 1 |  1.2

Action                   |  1- 3 |  4- 6 |  7- 9 || total
-------------------------+-------+-------+-------++-------
Melee: War axe           |    85 |    84 |       ||   169
       Broad axe         |       |    81 |   143 ||   224
Invok: Convert to Beogh  |       |     1 |       ||     1
  Use: Scroll            |     3 |     7 |     7 ||    17
       Potion            |       |     1 |     2 ||     3
Armor: Scale mail        |    41 |    89 |    26 ||   156
       Ring mail         |       |       |    18 ||    18
Dodge: Dodged            |    53 |    70 |    76 ||   199
Block: Buckler           |    17 |    43 |    44 ||   104
